 Dungeon Crawl Stone Soup version 0.22-a0-558-gc2241811a9 (webtiles) character file.

891 Hercules1031 the Firebug (level 7, -2/50 HPs)
             Began as a Demigod Fire Elementalist on June 27, 2018.
             Killed from afar by an orc wizard (3 damage)
             ... with a magic dart
             ... on level 5 of the Dungeon.
             The game lasted 00:21:17 (4306 turns).

Hercules1031 the Firebug (DgFE)                     Turns: 4306, Time: 00:21:17

Health: -2/50      AC:  8    Str: 17    XL:     7   Next: 48%
Magic:  0/15       EV: 11    Int: 23    God:
Gold:   231        SH:  0    Dex: 16    Spells: 2/13 levels left

rFire    x . .     SeeInvis .   m - +4 quarterstaff (chaos)
rCold    . . .     Gourm    .   (shield currently unavailable)
rNeg     + + +     Faith    .   q - +0 scale mail
rPois    +         Spirit   +   p - -1 helmet of the Grue {rPois rF- rN+++ Str+6} (curse)
rElec    .         Reflect  .   n - +1 cloak (curse)
rCorr    .         Harm     .   (no gloves)
MR       .....                  (no boots)
Stlth    +.........             l - amulet of guardian spirit
HPRegen  0.16/turn              g - ring of wizardry
MPRegen  0.14/turn              o - ring of poison resistance

@: no status effects
A: high mp 1
a: no special abilities


You were on level 5 of the Dungeon.
You were full.

You visited 1 branch of the dungeon, and saw 5 of its levels.

You collected 231 gold pieces.

Inventory:

Hand Weapons
 b - a +3 spear
 e - a cursed -2 mace
 m - a +4 quarterstaff of chaos (weapon)
Armour
 d - a +0 ring mail
 n - a cursed +1 cloak (worn)
 p - the cursed -1 helmet of the Grue (worn) {rPois rF- rN+++ Str+6}
   (You took it off Robin on level 3 of the Dungeon)

   It affects your strength (+6).
   It makes you vulnerable to fire.
   It protects you from poison.
   It renders you almost immune to negative energy.
   It has a curse placed upon it.
 q - a +0 scale mail (worn)
Jewellery
 g - a ring of wizardry (left hand)
 i - a cursed ring of teleportation {unknown}
 j - an uncursed ring of ice
 l - an amulet of guardian spirit (around neck)
 o - a ring of poison resistance (right hand)
Wands
 t - a wand of enslavement (17)
Scrolls
 h - 2 scrolls of enchant weapon {unknown}
 k - 2 scrolls of teleportation
 r - a scroll of magic mapping {unknown}
 s - a scroll of blinking
Potions
 a - a potion of brilliance
Comestibles
 c - 2 rations


   Skills:
 - Level 0.9(1.8) Polearms
 + Level 2.4(2.5) Staves
 + Level 2.7 Armour
 - Level 3.4 Dodging
 - Level 1.7 Stealth
 + Level 3.7 Spellcasting
 + Level 3.3 Conjurations
 + Level 4.3 Fire Magic


You had 2 spell levels left.
You knew the following spells:

 Your Spells              Type           Power        Failure   Level  Hunger
a - Flame Tongue          Conj/Fire      ###..        3%          1    None
b - Throw Flame           Conj/Fire      ###...       4%          2    #......
c - Conjure Flame         Conj/Fire      ###.....     9%          3    ###....
d - Fireball              Conj/Fire      ###.......   58%         5    ######.

Your spell library contained the following spells:

 Spells                   Type           Power        Failure   Level  Hunger
 Sticky Flame             Conj/Fire      ###.....     28%         4    ####...
 Inner Flame              Hex/Fire       ##......     17%         3    ###....


Dungeon Overview and Level Annotations

Branches:
Dungeon (5/15)
 Temple: D:4-7


Innate Abilities, Weirdness & Mutations

You have an increased reservoir of magic. (+10% MP)


Message History

The orc warrior is almost dead.
The orc hits you but does no damage.
The orc wizard hits you but does no damage.
The orc wizard hits you with a dagger.
* * * LOW HITPOINT WARNING * * *
You hit the orc wizard.
The orc wizard is poisoned.
The orc wizard is lightly wounded.
The orc warrior looks more healthy.
The orc wizard hits you with a dagger.
* * * LOW HITPOINT WARNING * * *
The orc hits you with a war axe.
* * * LOW HITPOINT WARNING * * *
You hit the orc.
The orc is heavily wounded.
The orc wizard gestures wildly while chanting.
The orc wizard blinks!
The orc misses you.
You barely miss the orc.
The orc is heavily wounded.
The orc wizard casts a spell at you. The magic dart hits you!
You die...

#.... #.... #.... +...#
#...##########
#.o..........#
#.....†o.....#
#......@.....#
#....(.§.....#
.######+##...##.......#
.#......##...##.....[.#
.#...........##.......#
.#..............o.....#
.#....................#
.#....................#
.#########..###..##.


You could see an orc warrior (confused), an orc wizard and an orc.

Vanquished Creatures
  Sigmund (D:3)
  A porcupine (shapeshifter) (D:3)
  2 ogres
  A centaur skeleton (D:4)
  Crazy Yiuf (D:2)
  4 hounds
  An iguana (D:4)
  A worker ant (D:4)
  Robin (D:3)
  3 gnolls (D:4)
  A river rat (shapeshifter) (D:3)
  5 adders
  An ooze (D:1)
  An adder skeleton (D:4)
  2 worms (D:3)
  4 dart slugs
  2 leopard geckos
  4 orcs
  3 ball pythons
  A giant cockroach (D:3)
  14 goblins
  13 hobgoblins
  5 jackals (D:3)
  8 kobolds
  2 quokkas
  10 bats
  4 frilled lizards
  A jackal skeleton (D:5)
  9 rats
106 creatures vanquished.

Vanquished Creatures (collateral kills)
  A howler monkey (D:4)
1 creature vanquished.

Grand Total: 107 creatures vanquished

Notes
Turn   | Place    | Note
-------+----------+-------------------------------------------
     0 | D:1      | Hercules1031 the Demigod Fire Elementalist began the quest for the Orb.
     0 | D:1      | Reached XP level 1. HP: 14/14 MP: 5/5
    81 | D:1      | Reached skill level 1 in Conjurations
   176 | D:1      | Reached XP level 2. HP: 12/20 MP: 1/7
   339 | D:1      | Learned a level 2 spell: Throw Flame
  1135 | D:2      | Reached skill level 3 in Fire Magic
  1135 | D:2      | Reached XP level 3. HP: 26/26 MP: 0/9
  1279 | D:2      | Found a glowing golden altar of the Shining One.
  1353 | D:2      | Found a runed door.
  1405 | D:2      | Reached XP level 4. HP: 26/33 MP: 7/10
  1670 | D:2      | Found a sparkling altar of Nemelex Xobeh.
  1733 | D:2      | Noticed Crazy Yiuf
  1738 | D:2      | Killed Crazy Yiuf
  1793 | D:3      | Found a snail-covered altar of Cheibriados.
  1831 | D:3      | Reached skill level 1 in Armour
  1987 | D:3      | Noticed Sigmund
  2005 | D:3      | Killed Sigmund
  2005 | D:3      | Reached skill level 1 in Staves
  2005 | D:3      | Reached XP level 5. HP: 19/38 MP: 0/12
  2363 | D:3      | Reached XP level 6. HP: 45/45 MP: 11/13
  2445 | D:3      | Noticed Robin
  2457 | D:3      | Killed Robin
  2476 | D:3      | Got a faintly humming helmet
  2482 | D:3      | Identified the cursed -1 helmet of the Grue {rPois rF- rN+++ Str+6} (You took it off Robin on level 3 of the Dungeon)
  3563 | D:4      | Reached skill level 4 in Fire Magic
  3563 | D:4      | Reached XP level 7. HP: 22/50 MP: 4/15
  3568 | D:4      | Learned a level 3 spell: Conjure Flame
  3574 | D:4      | Learned a level 5 spell: Fireball
  4065 | D:4      | Found a burning altar of Makhleb.
  4189 | D:5      | Entered Level 5 of the Dungeon
  4304 | D:5      | HP: 2/50 [orc wizard/dagger (2)]
  4306 | D:5      | Killed from afar by an orc wizard

Vault maps used:
D:1:      nagdon_arrival_double_spiral
D:2:      marbit_many_paths, nemelex_diamond_rough_becter,
          uniq_crazy_yiuf_cottage
D:3:      lemuel_upstairs_altar, cheibriados_altar_1, first_ration,
          uniq_sigmund, uniq_robin
D:4:      makhleb_blood_cavern_becter
D:5:      lemuel_crystal_altar

Skill      XL: |  1  2  3  4  5  6  7 |
---------------+----------------------+-----
Conjurations   | 1 2 3 |  3.3
Spellcasting   | 2 3 |  3.7
Dodging        | 2 3 |  3.4
Fire Magic     | 3 4 |  4.3
Armour         | 1 2 |  2.7
Staves         | 1 2 |  2.4
Polearms       | |  0.9
Stealth        | |  1.7

Action                   |  1- 3 |  4- 6 |  7- 9 || total
-------------------------+-------+-------+-------++-------
Melee: Unarmed           |    18 |       |       ||    18
       Spear             |    11 |    15 |       ||    26
       Quarterstaff      |       |    77 |    26 ||   103
 Cast: Flame Tongue      |    41 |    63 |    28 ||   132
       Throw Flame       |    11 |     3 |       ||    14
       Conjure Flame     |       |       |     1 ||     1
  Use: Scroll            |     3 |     3 |       ||     6
       Potion            |     1 |     6 |     2 ||     9
 Stab: Sleeping          |     1 |       |       ||     1
       Paralysed         |       |       |     1 ||     1
  Eat: Ration            |     2 |     1 |     2 ||     5
Armor: Robe              |     8 |       |       ||     8
       Ring mail         |       |    25 |       ||    25
       Scale mail        |       |    17 |    15 ||    32
Dodge: Dodged            |    22 |    90 |    27 ||   139

Table legend:
 A = Spawn XP
 B = Non-spawn XP
 C = Spawn XP percentage of total XP
 D = Spawn monster count
 E = Non-spawn monster count
 F = Spawn count percentage of total count
 G = Total turns spent on level
                    A         B        C        D         E        F      G
               +---------+---------+-------+---------+---------+-------+---------
         Total |       0 |    1273 |   0.0 |       0 |     107 |   0.0 |  4306
               +---------+---------+-------+---------+---------+-------+---------
           D:1 |       0 |      42 |   0.0 |       0 |      21 |   0.0 |  1131
           D:2 |       0 |     148 |   0.0 |       0 |      28 |   0.0 |   662
           D:3 |       0 |     457 |   0.0 |       0 |      35 |   0.0 |  1200
           D:4 |       0 |     466 |   0.0 |       0 |      18 |   0.0 |  1196
           D:5 |       0 |     160 |   0.0 |       0 |       5 |   0.0 |   117
               +---------+---------+-------+---------+---------+-------+---------
